 Dungeon Crawl Stone Soup version 0.20.1-1-g8b1a95d (webtiles) character file.

284 dohliylev the Covert (level 6, -3/41 HPs)
             Began as a Vampire Enchanter on Dec 19, 2017.
             Was a Follower of Makhleb.
             Killed from afar by an orc wizard (5 damage)
             ... with a magic dart
             ... on level 5 of the Dungeon.
             The game lasted 00:15:32 (3417 turns).

dohliylev the Covert (Vampire Enchanter)            Turns: 3417, Time: 00:15:32

Health: -3/41      AC:  6    Str:  7    XL:     6   Next: 7%
Magic:  1/9        EV: 13    Int: 24    God:    Makhleb [*.....]
Gold:   130        SH:  0    Dex: 15    Spells: 3/9 levels left

rFire    . . .     SeeInvis +   a - +1 dagger
rCold    . . .     Gourm    .   (no shield)
rNeg     + . .     Faith    .   b - +0 robe
rPois    .         Spirit   .   (no helmet)
rElec    .         Reflect  .   m - scarf {cloud immunity}
rCorr    +         Harm     .   (no gloves)
MR       .....                  (no boots)
Stlth    ++++......             (no amulet)
Regen    0.2/turn               g - +4 ring of protection
MPRegen  0.2/turn               n - ring of resist corrosion

@: brilliant, flying, hasted, very quick
A: fangs 3, see invisible, unbreathing
a: Bat Form, Renounce Religion


You were on level 5 of the Dungeon.
You worshipped Makhleb.
Makhleb was aware of your devotion.
You were not thirsty.

You visited 1 branch of the dungeon, and saw 5 of its levels.

You collected 130 gold pieces.

Inventory:

Hand Weapons
 a - a +1 dagger (weapon)
Armour
 b - a +0 robe (worn)
 m - a scarf of cloud immunity (worn)
Jewellery
 g - a +4 ring of protection (left hand)
 n - a ring of resist corrosion (right hand)
Scrolls
 e - 2 scrolls of fog {unknown}
 h - a scroll of amnesia {unknown}
 k - a scroll of identify {unknown}
 l - 2 scrolls of remove curse {unknown}
 o - 4 scrolls of recharging {unknown}
 r - a scroll of magic mapping {unknown}
Potions
 d - 12 potions of blood
 f - a potion of brilliance
 j - a potion of cancellation {unknown}
 p - a potion of heal wounds {unknown}
 q - 2 potions of flight
Books
 c - a book of Maledictions

   Spells                             Type                      Level
   a - Corona                         Hexes                        1
   b - Ensorcelled Hibernation        Hexes/Ice                    2
   c - Confuse                        Hexes                        3
   d - Tukima's Dance                 Hexes                        3
   e - Dazzling Spray                 Conjuration/Hexes            3


   Skills:
 - Level 1.1 Short Blades
 - Level 2.1 Dodging
 - Level 9.2 Stealth
 - Level 2.0 Spellcasting
 + Level 6.2 Hexes
 - Level 1.0 Ice Magic


You had 3 spell levels left.
You knew the following spells:

 Your Spells              Type           Power        Failure   Level  Hunger
a - Corona                Hex            #####..      1%          1    #......
b - Ensorcelled Hibernat  Hex/Ice        ####..       1%          2    ##.....
c - Confuse               Hex            #####...     1%          3    ###....


Dungeon Overview and Level Annotations

Branches:
Dungeon (5/15)
 Temple: D:4-7

Altars:
Dithmenos
Elyvilon
Makhleb
Nemelex Xobeh
Yredelemnul


Innate Abilities, Weirdness & Mutations

You have razor-sharp teeth.
You have supernaturally acute eyesight. (SInv)
You can survive without breathing.


Message History

The orc wizard gestures at you while chanting.
The magic dart hits you!
* * * LOW HITPOINT WARNING * * *
The orc wizard misses you.
It was a potion of brilliance.
You feel clever all of a sudden.
The orc wizard mumbles some strange words.
The orc wizard blinks!
It was a potion of flight.
You feel very buoyant.
You fly up into the air.
It was a potion of haste.
You feel yourself speed up.
The orc wizard gestures at you while chanting.
The magic dart hits you!
* * * LOW HITPOINT WARNING * * *
The howler monkey howls!
Found 2 potions of haste.
The orc wizard gestures at you while chanting.
The magic dart hits you!
You die...

### !.#
#.#
##.##
... #.#
#@# ##.#
#..#
####o###
#......#
#.##.#o#
# #.#<#
#h#.#
#.#.#


You could see a howler monkey and an orc wizard.

Vanquished Creatures
  An ogre (D:4)
  A scorpion (D:4)
  2 orc wizards
  5 adders
  A worm (D:3)
  A leopard gecko (D:1)
  5 orcs (D:3)
  7 bats
  3 giant cockroaches
  6 goblins
  5 hobgoblins
  2 quokkas (D:2)
  2 ball pythons
  4 frilled lizards
  6 kobolds
  A rat (D:3)
52 creatures vanquished.

Notes
Turn   | Place    | Note
-------+----------+-------------------------------------------
     0 | D:1      | dohliylev the Vampire Enchanter began the quest for the Orb.
     0 | D:1      | Reached XP level 1. HP: 13/13 MP: 3/3
     6 | D:1      | Noticed an anaconda
     6 | D:1      | Noticed a swamp worm
     7 | D:1      | Noticed a rime drake
   141 | D:1      | Reached skill level 5 in Stealth
   241 | D:1      | Reached XP level 2. HP: 19/19 MP: 5/5
   245 | D:1      | Learned a level 2 spell: Ensorcelled Hibernation
   899 | D:2      | Found a sparkling altar of Nemelex Xobeh.
   901 | D:2      | Found a burning altar of Makhleb.
   902 | D:2      | Found a shadowy altar of Dithmenos.
   909 | D:2      | Found a basalt altar of Yredelemnul.
   910 | D:2      | Found a white marble altar of Elyvilon.
   919 | D:2      | Reached skill level 6 in Stealth
   921 | D:2      | Became a worshipper of Makhleb the Destroyer
   924 | D:2      | Reached XP level 3. HP: 22/24 MP: 1/6
  1521 | D:3      | Learned a level 3 spell: Confuse
  1588 | D:3      | Reached skill level 1 in Ice Magic
  1771 | D:3      | Reached skill level 7 in Stealth
  1908 | D:3      | Reached XP level 4. HP: 29/30 MP: 4/7
  1916 | D:3      | Reached * piety under Makhleb
  2659 | D:3      | Reached skill level 8 in Stealth
  2893 | D:4      | Reached skill level 9 in Stealth
  2893 | D:4      | Reached XP level 5. HP: 35/35 MP: 8/8
  2935 | D:4      | Noticed an ogre
  3243 | D:5      | Entered Level 5 of the Dungeon
  3365 | D:4      | Killed an ogre
  3365 | D:4      | Reached XP level 6. HP: 41/41 MP: 3/9
  3413 | D:5      | HP: 2/41 [orc wizard/magic dart (5)]
  3417 | D:5      | Killed from afar by an orc wizard

Skill      XL: |  1  2  3  4  5 |
---------------+----------------+-----
Stealth        | 5 6 7 9 |  9.2
Ice Magic      | 1 |  1.0
Hexes          | 6 |  6.2
Short Blades   | |  1.1
Dodging        | |  2.1
Spellcasting   | |  2.0

Action                   |  1- 3 |  4- 6 || total
-------------------------+-------+-------++-------
Melee: Dagger            |   107 |    51 ||   158
       Bite              |     3 |     1 ||     4
 Cast: Ensorcelled Hiber |    21 |    28 ||    49
       Corona            |     3 |       ||     3
       Confuse           |       |     4 ||     4
 Abil: End Transformatio |       |     4 ||     4
       Bat Form          |       |     4 ||     4
  Use: Potion            |       |     5 ||     5
 Stab: Sleeping          |    20 |    11 ||    31
       Confused          |       |     1 ||     1
  Eat: Corpse            |     7 |     1 ||     8
Armor: Robe              |    47 |    18 ||    65
Dodge: Dodged            |    51 |    37 ||    88
